 Dungeon Crawl Stone Soup version bcrawl-1.41 (webtiles) character file.

Game seed: 6598829525884255417

281125 PlayerOfArmor the Cleaver (level 9, 0/70 HPs)
             Began as a Minotaur Fighter on Apr 3, 2024.
             Was an Initiate of Ru.
             Killed by vampiric draining
             ... invoked by an eye of draining
              (1 damage)
             ... on level 6 of the Dungeon on Apr 4, 2024.
             The game lasted 00:08:26 (5497 turns).

PlayerOfArmor the Cleaver (Minotaur Fighter)        Turns: 5497, Time: 00:08:27

Health: 0/70       AC: 11    Str: 27    XL:     9   Next: 6%
Magic:  1/8        EV:  7    Int:  5    God:    Ru [......]
Gold:   483        SH:  0    Dex:  9    Spells: 8/8 levels left

rFire    x . .     GDR:     24% b - +0 battleaxe
rCold    + . .     SeeInvis .   (shield currently unavailable)
rNeg     . . .     Gourm    +   y - +0 plate armour
rPois    .         Faith    .   (helmet restricted)
rElec    .         Spirit   .   (no cloak)
rCorr    .         Reflect  .   (no gloves)
MR       .....                  (no boots)
Stlth    ..........             s - amulet of the gourmand
HPRegen  0.21/turn              (no ring)
MPRegen  0.11/turn              q - ring of Piabbyg {Ice Str+2}

@: lethally poisoned (0 -> -3)
A: retaliatory headbutt, horns 2
a: Renounce Religion


You were on level 6 of the Dungeon.
You worshipped Ru.
Ru was noncommittal.
You were very full.

You visited 2 branches of the dungeon, and saw 8 of its levels.

You collected 483 gold pieces.

Inventory:

Hand Weapons
 b - a +0 battleaxe (weapon)
 c - a +4 dire flail of crushing
Armour
 y - a +0 plate armour (worn)
Jewellery
 q - the ring of Piabbyg (right hand) {Ice Str+2}
   (You found it on level 2 of the Dungeon)

   [ring of ice]

   It enhances your ice magic.
   It affects your strength (+2).
   It makes you vulnerable to fire.
   It protects you from cold.
 s - an amulet of the gourmand (around neck)
Wands
 u - a wand of polymorph (25)
Scrolls
 e - a scroll of fear {unknown}
 f - 2 scrolls of amnesia {unknown}
 h - a scroll of blinking
 i - 6 scrolls of identify
 j - 2 scrolls of remove curse
 m - 2 scrolls of teleportation {unknown}
 n - a scroll of enchant weapon {unknown}
 o - 3 scrolls of revelation {unknown}
 w - a scroll of summoning {unknown}
Potions
 d - 2 potions of might
 g - a potion of degeneration {unknown}
 k - 4 potions of agility {unknown}
 l - a potion of heal wounds {unknown}
 r - 3 potions of curing {unknown}
 t - a potion of invisibility {unknown}
 x - a potion of berserk rage
Comestibles
 a - 2 chunks of flesh
 p - 9 rations {!d}


   Skills:
 - Level 3.6 Fighting
 + Level 13.7 Axes
 - Level 3.6 Armour
   Level 3.6 Shields


You had 8 spell levels left.
You didn't know any spells.
Your spell library was empty.

Dungeon Overview and Level Annotations

Branches:
Dungeon (7/12)             Temple (1/1) D:6
   Lair: D:7-9

Altars:
Ashenzari
Cheibriados
Dithmenos
Hepliaklqana
Kikubaaqudgha
Ru
Sif Muna
Trog
Vehumet
Wu Jian
Zin
The Shining One

Shops:
D:6 *

Annotations:
D:3 2 transporters, 1 runed translucent door, Returnofthet's ghost, amateur VSAc


Innate Abilities, Weirdness & Mutations

You reflexively headbutt those who attack you in melee.
You have a pair of horns on your head.


Message History

The worker ant poisons you!
You slash the worker ant! You headbutt the worker ant.
You kill the worker ant!
You slash the eye of draining!
You feel sick.
You slash the eye of draining!
The eye of draining is almost dead.
You feel sick. The eye of draining gazes at you.
You feel your power leaking away.
You hit the eye of draining but do no damage.
The eye of draining is almost dead.
The eye of draining is infused with unholy energy.
* * * LOW HITPOINT WARNING * * *
The eye of draining draws life force from you and is healed!
You hit the eye of draining but do no damage.
The eye of draining is heavily wounded.
* * * LOW HITPOINT WARNING * * *
You feel sick.
The eye of draining is infused with unholy energy.
You die...

...##......######...............#
.#.....#........................#
###.####...######................
#.## #..## ##................
#..# #..# ##..........p......
##.###..# ##..........p.......
####..##..####..........p........
.##.................#............
.....#...#######@....#...........
....###..## #G†.....#..........
........).#####........#.........
.......#....##...................
..####..###............####......
.#####..# ###......#...# #....#..
....###.# ##..[.....## #....###
.....##.# #......#..###[###.##
........# #......#...##.# #...


You could see an eye of draining.

Vanquished Creatures
  Pikel (D:6)
  A hippogriff (D:6)
  Eustachio (D:6)
  Edmund (D:6)
  2 orc warriors (D:6)
  A slave (D:6)
  A necrophage (D:5)
  An ogre (D:4)
  Blork the orc (D:5)
  A scorpion (D:6)
  4 orc priests
  A crimson imp (D:3)
  A bullfrog zombie (D:6)
  4 hounds
  An orc wizard (D:6)
  Natasha (thrice) (D:3)
  2 worker ants
  A worker ant zombie (D:5)
  5 adders
  A howler monkey skeleton (D:5)
  An adder skeleton (D:4)
  An adder zombie (D:3)
  3 worms
  A dart slug (D:1)
  5 leopard geckos
  11 orcs
  5 bats
  A giant cockroach (D:2)
  3 goblins (D:2)
  10 hobgoblins
  9 jackals
  2 kobolds (D:1)
  2 quokkas (D:3)
  4 frilled lizards
  A quokka skeleton (D:4)
  4 rats (D:2)
97 creatures vanquished.

Vanquished Creatures (others)
  2 slaves (D:6)
  2 hounds (D:6)
  An orc wizard (D:6)
5 creatures vanquished.

Grand Total: 102 creatures vanquished

Notes
Turn   | Place    | Note
-------+----------+-------------------------------------------
     0 | D:1      | PlayerOfArmor the Minotaur Fighter began the quest for the
                  | Orb.
     0 | D:1      | Reached XP level 1. HP: 19/19 MP: 0/0
    10 | D:1      | Got a pitted wooden ring
   148 | D:1      | Reached skill level 3 in Axes
   222 | D:1      | Reached XP level 2. HP: 26/26 MP: 1/1
   737 | D:2      | Reached skill level 4 in Axes
   844 | D:2      | Reached XP level 3. HP: 31/31 MP: 2/2
  1201 | D:2      | Got a brightly glowing marble ring
  1217 | D:2      | Reached skill level 5 in Axes
  1217 | D:2      | Reached XP level 4. HP: 27/39 MP: 3/3
  1391 | D:3      | Noticed Natasha
  1597 | D:3      | Found a transporter.
  1622 | D:3      | Found a transporter.
  1657 | D:3      | Killed Natasha
  1658 | D:3      | Reached skill level 6 in Axes
  1688 | D:3      | Noticed Natasha
  1695 | D:3      | Killed Natasha
  1696 | D:3      | Reached XP level 5. HP: 30/45 MP: 4/4
  1716 | D:3      | Reached skill level 7 in Axes
  1719 | D:3      | Identified the cursed ring of Midsummer {Fire *Drain rN+
                  | Str+3} (You found it on level 1 of the Dungeon)
  1720 | D:3      | Identified the ring of Piabbyg {Ice Str+2} (You found it on
                  | level 2 of the Dungeon)
  1945 | D:3      | Noticed Natasha
  1957 | D:3      | Killed Natasha
  2126 | D:3      | Reached XP level 6. HP: 32/51 MP: 5/5
  2173 | D:3      | Found a bloodstained altar of Trog.
  2342 | D:3      | Found a runed translucent door.
  2343 | D:3      | Noticed Returnofthet's ghost (amateur VSAc)
  2681 | D:4      | Reached skill level 8 in Axes
  3175 | D:5      | Entered Level 5 of the Dungeon
  3255 | D:5      | Found a hazy altar of Hepliaklqana.
  3258 | D:5      | Noticed Blork the orc
  3267 | D:5      | Killed Blork the orc
  3268 | D:5      | Reached skill level 9 in Axes
  3359 | D:5      | Reached XP level 7. HP: 57/57 MP: 6/6
  3759 | D:6      | Reached skill level 10 in Axes
  3914 | D:6      | Found a staircase to the Ecumenical Temple.
  3921 | Temple   | Entered the Ecumenical Temple
  3969 | Temple   | Became a worshipper of Ru the Awakened
  4025 | D:6      | Noticed Pikel
  4040 | D:6      | Killed Pikel
  4041 | D:6      | Reached skill level 11 in Axes
  4041 | D:6      | Reached XP level 8. HP: 36/64 MP: 7/7
  4135 | D:6      | Reached skill level 12 in Axes
  4433 | D:6      | Noticed Eustachio
  4449 | D:6      | Killed Eustachio
  4552 | D:6      | Reached skill level 13 in Axes
  4802 | D:6      | Found Imuofal's Assorted Antiques.
  5179 | D:6      | Noticed Edmund
  5180 | D:6      | Noticed a hippogriff
  5354 | D:6      | Killed Edmund
  5357 | D:6      | Killed a hippogriff
  5358 | D:6      | Reached XP level 9. HP: 37/70 MP: 8/8
  5485 | D:7      | Noticed an eye of draining
  5496 | D:6      | HP: 2/70 [eye of draining/vampiric draining (18)]
  5497 | D:6      | Killed from afar by an eye of draining

Skill      XL: |  1  2  3  4  5  6  7  8 |
---------------+-------------------------+-----
Axes           | 3 4 5 6 7 9 11 13 | 13.7
Fighting       | |  3.6
Armour         | |  3.6
Shields        | |  3.6

Action                   |  1- 3 |  4- 6 |  7- 9 || total
-------------------------+-------+-------+-------++-------
Melee: War axe           |   103 |   140 |    85 ||   328
       Headbutt          |    13 |    15 |    22 ||    50
       Battleaxe         |       |       |    30 ||    30
  Use: Scroll            |       |     2 |       ||     2
  Eat: Chunk             |     5 |    12 |    14 ||    31
       Ration            |       |     1 |       ||     1
Armor: Scale mail        |    47 |    72 |    18 ||   137
       Plate armour      |       |       |    35 ||    35
Dodge: Dodged            |    21 |    39 |    26 ||    86
Block: Medium shield     |    58 |    81 |    37 ||   176
